[ AOE2 MATCH · #479169782 ]
UnrankedDravidians vs Berbers
[ REPLAY ANALYSIS · EXTRACTED FROM THE RECORDED GAME ]
Feudal
13:11
Castle
16:48
Imperial
39:19
| APM avg | 29.9 |
| APM peak | 46 |
| eAPM avg | 21.5 |
| Villagers / military | 148 / 94 |
Focus
⚔️ 32.6% · 🌾 67.4%
Skirmisher ×55 · Mangonel ×8 · Spearman ×7 · Armored Elephant ×6 · Fishing Ship ×5 · Elephant Archer ×5
Feudal
13:43
Castle
17:21
Imperial
38:31
| APM avg | 60.6 |
| APM peak | 110 |
| eAPM avg | 29.7 |
| Villagers / military | 151 / 128 |
Focus
⚔️ 27.7% · 🌾 72.3%
Camel Archer ×117 · Fishing Ship ×16 · Mangonel ×5 · Trebuchet (Packed) ×4 · Monk ×1 · Battering Ram ×1
Feudal
12:35
Castle
17:01
Imperial
—
| APM avg | 18.3 |
| APM peak | 44 |
| eAPM avg | 9.8 |
| Villagers / military | 58 / 4 |
Focus
⚔️ 13.7% · 🌾 86.3%
Fishing Ship ×10 · Conquistador ×2 · Monk ×1 · Spearman ×1
Feudal
12:00
Castle
16:09
Imperial
39:22
| APM avg | 38.4 |
| APM peak | 96 |
| eAPM avg | 22.6 |
| Villagers / military | 218 / 98 |
Focus
⚔️ 30.6% · 🌾 69.4%
Knight ×58 · Conquistador ×33 · Fishing Ship ×9 · Mangonel ×3 · Battering Ram ×3 · Fire Galley ×1
Feudal
13:59
Castle
17:29
Imperial
29:47
| APM avg | 45.2 |
| APM peak | 83 |
| eAPM avg | 28.9 |
| Villagers / military | 155 / 191 |
Focus
⚔️ 31.0% · 🌾 69.0%
Camel Scout ×165 · Unknown (2626) ×24 · Scout Cavalry ×15 · Fishing Ship ×14 · Knight ×11
Feudal
14:03
Castle
18:21
Imperial
46:59
| APM avg | 62.6 |
| APM peak | 93 |
| eAPM avg | 32.3 |
| Villagers / military | 124 / 64 |
Focus
⚔️ 16.7% · 🌾 83.3%
Knight ×27 · Fishing Ship ×25 · Spearman ×11 · Mangonel ×8 · Scout Cavalry ×7 · Scorpion ×4
Feudal
14:01
Castle
17:12
Imperial
—
| APM avg | 26.5 |
| APM peak | 97 |
| eAPM avg | 11.6 |
| Villagers / military | 56 / 29 |
Focus
⚔️ 32.5% · 🌾 67.5%
Skirmisher ×15 · Fishing Ship ×15 · Cavalry Archer ×4 · Knight ×3 · Scout Cavalry ×3 · Demolition Raft ×2
Feudal
13:46
Castle
17:16
Imperial
33:21
| APM avg | 30.8 |
| APM peak | 53 |
| eAPM avg | 19.0 |
| Villagers / military | 147 / 160 |
Focus
⚔️ 35.8% · 🌾 64.2%
Elephant Archer ×109 · Armored Elephant ×36 · Skirmisher ×14 · Fishing Ship ×9 · Monk ×1
Match map
Initial resources + every placement click. Lines = walls · curves = elevation contours. ◆ gold · ⬟ stone · ● berries · ✦ relic · ◌ wall gap
Your base· Open — 2t gap
mmmbokchoi's base· Open — 2t gap
Álvaro de Bazán's base· Open — 5t gap
DKDFCD's base· Open — 12t gap
Capt. Eadk'an's base· Open — unwalled flank
吾问无为谓's base· Open — 9t gap
Storm chaser's base· Open — 7t gap
小白's base· Open — unwalled flank
Smoothed initial terrain · ◌ = detected wall gap · hover for details
Inputs per minute
— llllllllllllllll - - mmmbokchoi
Build order — llllllllllllllll
First 150 of 400 actions detected
| 0:18 | Build | Town Center |
| 0:31 | Build | Dock |
| 2:36 | Create | Villager (Male) |
| 2:37 | Create | Villager (Male) |
| 2:37 | Create | Villager (Male) |
| 2:42 | Create | Villager (Male) |
| 3:12 | Create | Villager (Male) |
| 3:46 | Create | Fishing Ship |
| 4:21 | Build | House |
| 4:43 | Create | Villager (Male) |
| 5:02 | Create | Fishing Ship |
| 5:09 | Create | Villager (Male) |
| 5:43 | Create | Villager (Male) |
| 5:46 | Create | Fishing Ship |
| 6:03 | Build | House |
| 6:03 | Create | Villager (Male) |
| 6:12 | Build | House |
| 6:22 | Build | House |
| 6:37 | Research | Loom |
| 6:56 | Create | Villager (Male) |
| 6:59 | Create | Fishing Ship |
| 7:05 | Create | Villager (Male) |
| 7:28 | Create | Villager (Male) |
| 7:47 | Create | Fishing Ship |
| 7:48 | Create | Villager (Male) |
| 7:57 | Build | House |
| 8:11 | Build | House |
| 8:31 | Create | Villager (Male) |
| 9:09 | Create | Villager (Male) |
| 9:14 | Build | Palisade Wall |
| 9:43 | Build | Mill |
| 9:44 | Create | Villager (Male) |
| 10:09 | Create | Villager (Male) |
| 10:36 | Create | Villager (Male) |
| 10:38 | Build | Mining Camp |
| 10:46 | Research | Feudal Age |
| 11:58 | Build | House |
| 12:14 | Build | Outpost |
| 12:51 | Build | Palisade Wall |
| 12:52 | Build | Palisade Wall |
| 13:11 | Age | Feudal Age |
| 13:13 | Create | Villager (Male) |
| 13:15 | Build | Market |
| 13:22 | Build | Blacksmith |
| 13:37 | Research | Town Watch |
| 13:54 | Build | Outpost |
| 14:00 | Build | Lumber Camp |
| 14:08 | Research | Castle Age |
| 14:37 | Research | Double-Bit Axe |
| 15:32 | Research | Gold Mining |
| 15:48 | Build | Barracks |
| 16:41 | Create | Spearman |
| 16:48 | Age | Castle Age |
| 16:49 | Build | Siege Workshop |
| 16:51 | Build | Monastery |
| 16:52 | Create | Villager (Male) |
| 16:52 | Research | Bow Saw |
| 17:11 | Create | Villager (Male) |
| 17:14 | Create | Spearman |
| 17:31 | Create | Monk |
| 17:33 | Create | Armored Elephant |
| 17:35 | Create | Villager (Male) |
| 17:50 | Build | Palisade Wall |
| 17:52 | Create | Villager (Male) |
| 17:59 | Build | Palisade Wall |
| 18:07 | Create | Spearman |
| 18:07 | Create | Villager (Male) |
| 18:10 | Build | Palisade Wall |
| 18:16 | Create | Villager (Male) |
| 18:19 | Create | Mangonel |
| 18:30 | Build | House |
| 18:53 | Build | House |
| 18:57 | Create | Villager (Male) |
| 19:01 | Create | Spearman |
| 19:03 | Create | Villager (Male) |
| 19:18 | Create | Spearman |
| 19:19 | Create | Villager (Male) |
| 19:42 | Create | Mangonel |
| 19:43 | Create | Villager (Male) |
| 19:49 | Create | Monk |
| 20:06 | Build | Farm |
| 20:07 | Build | Farm |
| 20:07 | Build | Farm |
| 20:46 | Create | Villager (Male) |
| 20:49 | Create | Armored Elephant |
| 20:50 | Create | Spearman |
| 21:10 | Build | House |
| 21:11 | Build | House |
| 21:18 | Build | Town Center |
| 21:36 | Create | Villager (Male) |
| 22:17 | Create | Villager (Male) |
| 22:19 | Create | Villager (Male) |
| 22:52 | Build | Farm |
| 22:52 | Build | Farm |
| 22:53 | Create | Villager (Male) |
| 22:57 | Build | Dock |
| 23:19 | Create | Mangonel |
| 23:22 | Create | Villager (Male) |
| 23:25 | Create | Monk |
| 23:25 | Create | Villager (Male) |
| 23:43 | Create | Villager (Male) |
| 24:01 | Create | Villager (Male) |
| 24:30 | Build | Town Center |
| 24:31 | Create | Villager (Male) |
| 24:42 | Create | Villager (Male) |
| 24:50 | Create | Spearman |
| 24:50 | Create | Villager (Male) |
| 25:00 | Create | Monk |
| 25:05 | Build | Outpost |
| 25:09 | Create | Villager (Male) |
| 25:20 | Create | Armored Elephant |
| 25:22 | Create | Villager (Male) |
| 25:30 | Create | Villager (Male) |
| 25:41 | Create | Villager (Male) |
| 26:04 | Create | Villager (Male) |
| 26:20 | Create | Villager (Male) |
| 26:39 | Create | Villager (Male) |
| 26:40 | Build | Farm |
| 26:41 | Build | Farm |
| 26:42 | Build | Farm |
| 26:51 | Create | Villager (Male) |
| 27:00 | Create | Mangonel |
| 27:01 | Create | Villager (Male) |
| 27:06 | Create | Villager (Male) |
| 27:18 | Create | Villager (Male) |
| 27:26 | Create | Villager (Male) |
| 27:28 | Build | Archery Range |
| 27:33 | Create | Villager (Male) |
| 27:36 | Build | House |
| 27:37 | Build | House |
| 27:46 | Create | Villager (Male) |
| 27:49 | Build | House |
| 27:52 | Build | House |
| 27:53 | Build | House |
| 27:54 | Create | Villager (Male) |
| 28:05 | Create | Villager (Male) |
| 28:08 | Create | Villager (Male) |
| 28:21 | Create | Villager (Male) |
| 28:35 | Create | Villager (Male) |
| 28:48 | Create | Villager (Male) |
| 29:01 | Create | Mangonel |
| 29:03 | Create | Villager (Male) |
| 29:17 | Create | Villager (Male) |
| 29:28 | Build | House |
| 29:29 | Create | Villager (Male) |
| 29:30 | Create | Villager (Male) |
| 29:31 | Build | Farm |
| 29:32 | Build | Farm |
| 29:34 | Create | Armored Elephant |
| 29:35 | Create | Armored Elephant |
Build order — mmmbokchoi
First 150 of 501 actions detected
| 0:14 | Build | Town Center |
| 0:23 | Build | Dock |
| 2:30 | Create | Villager (Male) |
| 2:31 | Create | Villager (Male) |
| 2:31 | Create | Villager (Male) |
| 3:06 | Create | Villager (Male) |
| 3:06 | Create | Villager (Male) |
| 3:07 | Create | Villager (Male) |
| 3:24 | Create | Fishing Ship |
| 3:25 | Create | Fishing Ship |
| 3:25 | Create | Fishing Ship |
| 3:51 | Build | House |
| 4:38 | Create | Villager (Male) |
| 4:38 | Create | Villager (Male) |
| 4:38 | Create | Villager (Male) |
| 4:53 | Create | Villager (Male) |
| 4:53 | Create | Villager (Male) |
| 5:19 | Build | Palisade Wall |
| 5:26 | Create | Villager (Male) |
| 5:27 | Create | Fishing Ship |
| 5:27 | Create | Fishing Ship |
| 5:50 | Create | Villager (Male) |
| 5:50 | Create | Villager (Male) |
| 6:17 | Create | Villager (Male) |
| 6:17 | Create | Villager (Male) |
| 6:22 | Build | House |
| 6:23 | Create | Fishing Ship |
| 6:24 | Create | Fishing Ship |
| 6:36 | Build | House |
| 6:59 | Create | Villager (Male) |
| 7:22 | Create | Villager (Male) |
| 7:34 | Create | Villager (Male) |
| 7:40 | Create | Fishing Ship |
| 8:03 | Create | Fishing Ship |
| 8:17 | Create | Villager (Male) |
| 8:28 | Build | Outpost |
| 8:34 | Create | Fishing Ship |
| 8:45 | Create | Villager (Male) |
| 8:48 | Build | House |
| 8:54 | Build | Lumber Camp |
| 9:15 | Build | House |
| 9:28 | Create | Villager (Male) |
| 9:28 | Create | Villager (Male) |
| 9:45 | Create | Fishing Ship |
| 9:49 | Create | Villager (Male) |
| 10:02 | Build | Mill |
| 10:07 | Build | House |
| 10:11 | Build | Palisade Wall |
| 10:25 | Create | Fishing Ship |
| 10:26 | Create | Villager (Male) |
| 10:36 | Research | Loom |
| 10:51 | Build | Mining Camp |
| 11:16 | Create | Fishing Ship |
| 11:17 | Create | Fishing Ship |
| 11:21 | Build | Palisade Wall |
| 11:28 | Research | Feudal Age |
| 11:28 | Research | Feudal Age |
| 11:41 | Build | Mining Camp |
| 12:16 | Create | Fishing Ship |
| 13:43 | Age | Feudal Age |
| 13:44 | Build | Market |
| 13:45 | Create | Villager (Male) |
| 13:47 | Build | Blacksmith |
| 14:10 | Create | Villager (Male) |
| 14:16 | Create | Fishing Ship |
| 14:35 | Build | Palisade Wall |
| 14:36 | Build | Palisade Wall |
| 14:41 | Research | Castle Age |
| 14:41 | Research | Castle Age |
| 15:09 | Build | House |
| 15:12 | Build | House |
| 15:22 | Build | House |
| 15:25 | Build | House |
| 16:11 | Research | Double-Bit Axe |
| 16:11 | Research | Double-Bit Axe |
| 16:17 | Build | Palisade Wall |
| 16:26 | Build | Palisade Wall |
| 17:06 | Create | Villager (Male) |
| 17:21 | Age | Castle Age |
| 17:26 | Build | Castle |
| 17:30 | Create | Villager (Male) |
| 17:40 | Research | Fletching |
| 17:41 | Research | Fletching |
| 17:41 | Research | Fletching |
| 17:42 | Create | Villager (Male) |
| 17:52 | Create | Villager (Male) |
| 18:07 | Build | Palisade Wall |
| 18:09 | Build | Palisade Wall |
| 18:11 | Build | Palisade Wall |
| 18:14 | Build | House |
| 18:18 | Create | Camel Archer |
| 18:36 | Create | Camel Archer |
| 18:38 | Create | Villager (Male) |
| 18:53 | Create | Villager (Male) |
| 19:33 | Create | Villager (Male) |
| 19:43 | Create | Villager (Male) |
| 20:03 | Build | Town Center |
| 20:05 | Create | Villager (Male) |
| 20:11 | Build | Mill |
| 20:17 | Create | Villager (Male) |
| 20:22 | Create | Camel Archer |
| 20:26 | Research | Bow Saw |
| 20:27 | Research | Bow Saw |
| 20:32 | Research | Bodkin Arrow |
| 20:32 | Research | Bodkin Arrow |
| 20:32 | Research | Bodkin Arrow |
| 20:34 | Create | Villager (Male) |
| 20:45 | Create | Villager (Male) |
| 20:58 | Create | Camel Archer |
| 21:04 | Create | Villager (Male) |
| 21:07 | Build | University |
| 21:09 | Create | Villager (Male) |
| 21:14 | Research | Gold Mining |
| 21:14 | Research | Gold Mining |
| 21:45 | Create | Camel Archer |
| 22:03 | Create | Camel Archer |
| 22:06 | Create | Villager (Male) |
| 22:08 | Create | Villager (Male) |
| 22:15 | Build | Mill |
| 22:25 | Research | Ballistics |
| 22:26 | Research | Ballistics |
| 22:34 | Create | Villager (Male) |
| 22:41 | Build | House |
| 22:46 | Create | Camel Archer |
| 23:00 | Create | Villager (Male) |
| 23:11 | Create | Villager (Male) |
| 23:37 | Create | Camel Archer |
| 23:52 | Create | Camel Archer |
| 24:06 | Create | Villager (Male) |
| 24:06 | Create | Villager (Male) |
| 24:13 | Create | Villager (Male) |
| 24:16 | Build | Town Center |
| 24:25 | Create | Camel Archer |
| 24:44 | Create | Camel Archer |
| 24:47 | Create | Villager (Male) |
| 24:50 | Build | Barracks |
| 24:51 | Create | Villager (Male) |
| 24:53 | Create | Villager (Male) |
| 25:16 | Create | Camel Archer |
| 25:22 | Create | Camel Archer |
| 25:36 | Create | Camel Archer |
| 25:38 | Create | Camel Archer |
| 25:43 | Create | Villager (Male) |
| 25:43 | Create | Villager (Male) |
| 25:45 | Research | Wheelbarrow |
| 25:45 | Research | Wheelbarrow |
| 25:46 | Research | Town Watch |
| 26:02 | Create | Camel Archer |
| 26:07 | Create | Villager (Male) |
| 26:21 | Build | Dock |
Build order — Álvaro de Bazán
122 actions detected in the replay
| 0:19 | Build | Town Center |
| 1:17 | Build | Dock |
| 2:44 | Create | Villager (Male) |
| 2:44 | Create | Villager (Male) |
| 2:44 | Create | Villager (Male) |
| 2:44 | Create | Villager (Male) |
| 3:50 | Create | Villager (Male) |
| 3:51 | Create | Villager (Male) |
| 3:52 | Create | Fishing Ship |
| 3:52 | Create | Fishing Ship |
| 4:45 | Create | Fishing Ship |
| 4:46 | Create | Fishing Ship |
| 4:53 | Research | Loom |
| 5:27 | Build | House |
| 5:30 | Create | Villager (Male) |
| 6:07 | Create | Villager (Male) |
| 6:35 | Create | Villager (Male) |
| 6:38 | Create | Fishing Ship |
| 6:53 | Build | House |
| 6:57 | Create | Villager (Male) |
| 6:59 | Create | Villager (Male) |
| 7:24 | Create | Villager (Male) |
| 7:33 | Create | Fishing Ship |
| 7:33 | Create | Fishing Ship |
| 7:34 | Create | Fishing Ship |
| 7:35 | Create | Villager (Male) |
| 7:57 | Create | Villager (Male) |
| 8:12 | Create | Villager (Male) |
| 8:16 | Build | House |
| 8:43 | Create | Fishing Ship |
| 8:46 | Create | Villager (Male) |
| 9:42 | Create | Villager (Male) |
| 9:50 | Build | Lumber Camp |
| 10:24 | Research | Feudal Age |
| 10:57 | Build | Mill |
| 11:44 | Build | House |
| 11:56 | Create | Villager (Male) |
| 12:35 | Age | Feudal Age |
| 12:49 | Build | Market |
| 12:53 | Build | House |
| 13:02 | Create | Villager (Male) |
| 13:24 | Research | Town Watch |
| 13:46 | Create | Villager (Male) |
| 13:57 | Build | Blacksmith |
| 14:21 | Research | Castle Age |
| 14:44 | Build | Watch Tower |
| 16:01 | Create | Villager (Male) |
| 16:36 | Create | Villager (Male) |
| 16:51 | Build | Mining Camp |
| 17:01 | Age | Castle Age |
| 17:04 | Create | Villager (Male) |
| 17:24 | Create | Villager (Male) |
| 19:29 | Build | Town Center |
| 20:58 | Create | Villager (Male) |
| 21:08 | Build | Outpost |
| 22:05 | Build | Town Center |
| 22:11 | Create | Villager (Male) |
| 22:43 | Create | Villager (Male) |
| 22:57 | Build | Lumber Camp |
| 24:14 | Create | Villager (Male) |
| 24:22 | Build | House |
| 24:56 | Create | Villager (Male) |
| 25:34 | Build | Dock |
| 25:53 | Build | Outpost |
| 26:20 | Build | Outpost |
| 26:25 | Build | House |
| 26:53 | Build | House |
| 26:54 | Build | House |
| 27:08 | Build | House |
| 27:09 | Create | Villager (Male) |
| 27:15 | Build | Monastery |
| 27:25 | Build | House |
| 27:27 | Create | Villager (Male) |
| 27:40 | Create | Villager (Male) |
| 27:54 | Build | Barracks |
| 30:17 | Create | Villager (Male) |
| 30:24 | Create | Villager (Male) |
| 30:25 | Create | Villager (Male) |
| 30:25 | Create | Villager (Male) |
| 30:28 | Create | Villager (Male) |
| 30:28 | Create | Villager (Male) |
| 30:40 | Build | Siege Workshop |
| 31:37 | Build | Lumber Camp |
| 32:12 | Create | Spearman |
| 32:52 | Build | Lumber Camp |
| 33:45 | Build | Mining Camp |
| 35:21 | Build | Town Center |
| 36:57 | Build | Market |
| 37:22 | Create | Villager (Male) |
| 37:23 | Create | Villager (Male) |
| 37:23 | Create | Villager (Male) |
| 37:23 | Create | Villager (Male) |
| 37:32 | Create | Monk |
| 38:08 | Create | Villager (Male) |
| 38:11 | Create | Villager (Male) |
| 39:50 | Build | Castle |
| 40:07 | Create | Villager (Male) |
| 40:07 | Create | Villager (Male) |
| 40:08 | Create | Villager (Male) |
| 40:08 | Create | Villager (Male) |
| 40:51 | Create | Villager (Male) |
| 40:59 | Create | Villager (Male) |
| 41:24 | Create | Villager (Male) |
| 41:54 | Build | Mining Camp |
| 42:01 | Create | Villager (Male) |
| 42:10 | Build | Lumber Camp |
| 42:14 | Create | Villager (Male) |
| 43:31 | Create | Villager (Male) |
| 43:36 | Create | Fishing Ship |
| 43:43 | Create | Villager (Male) |
| 43:59 | Build | Mining Camp |
| 44:06 | Create | Conquistador |
| 44:07 | Create | Conquistador |
| 44:53 | Create | Villager (Male) |
| 44:53 | Create | Villager (Male) |
| 44:58 | Build | House |
| 44:59 | Build | House |
| 44:59 | Build | House |
| 45:00 | Build | House |
| 45:00 | Build | House |
| 45:00 | Build | House |
| 45:02 | Create | Villager (Male) |
Build order — DKDFCD
First 150 of 509 actions detected
| 0:14 | Build | Town Center |
| 1:05 | Build | Dock |
| 1:31 | Build | House |
| 2:37 | Create | Villager (Male) |
| 2:37 | Create | Villager (Male) |
| 2:39 | Create | Villager (Male) |
| 2:39 | Create | Villager (Male) |
| 2:39 | Create | Villager (Male) |
| 3:10 | Build | Palisade Wall |
| 4:07 | Create | Villager (Male) |
| 4:07 | Create | Villager (Male) |
| 4:26 | Create | Fishing Ship |
| 4:27 | Create | Fishing Ship |
| 4:34 | Create | Villager (Male) |
| 4:34 | Create | Villager (Male) |
| 4:59 | Research | Loom |
| 5:04 | Build | House |
| 5:17 | Create | Villager (Male) |
| 5:17 | Create | Villager (Male) |
| 5:36 | Create | Fishing Ship |
| 5:36 | Create | Fishing Ship |
| 5:44 | Build | House |
| 5:53 | Create | Villager (Male) |
| 5:53 | Create | Villager (Male) |
| 6:14 | Create | Villager (Male) |
| 6:15 | Create | Villager (Male) |
| 6:29 | Create | Fishing Ship |
| 6:33 | Create | Villager (Male) |
| 6:33 | Create | Villager (Male) |
| 7:01 | Create | Villager (Male) |
| 7:02 | Create | Villager (Male) |
| 7:05 | Create | Villager (Male) |
| 7:05 | Create | Villager (Male) |
| 7:26 | Create | Fishing Ship |
| 7:41 | Create | Villager (Male) |
| 7:45 | Create | Fishing Ship |
| 8:08 | Create | Villager (Male) |
| 8:08 | Create | Villager (Male) |
| 8:08 | Create | Villager (Male) |
| 8:55 | Build | Mill |
| 9:00 | Create | Villager (Male) |
| 9:20 | Build | House |
| 9:25 | Create | Fishing Ship |
| 9:25 | Create | Fishing Ship |
| 9:50 | Research | Feudal Age |
| 9:50 | Research | Feudal Age |
| 10:24 | Build | Mining Camp |
| 10:50 | Build | House |
| 11:23 | Create | Villager (Male) |
| 11:55 | Create | Villager (Male) |
| 12:00 | Age | Feudal Age |
| 12:07 | Build | Market |
| 12:30 | Build | Blacksmith |
| 12:40 | Create | Villager (Male) |
| 13:29 | Research | Castle Age |
| 13:54 | Build | Mining Camp |
| 14:17 | Create | Fire Galley |
| 14:36 | Build | Lumber Camp |
| 14:55 | Research | Double-Bit Axe |
| 14:55 | Research | Double-Bit Axe |
| 14:57 | Research | Town Watch |
| 14:58 | Research | Town Watch |
| 15:29 | Research | Horse Collar |
| 15:44 | Build | House |
| 16:09 | Age | Castle Age |
| 16:17 | Create | Villager (Male) |
| 16:36 | Create | Villager (Male) |
| 17:16 | Build | Castle |
| 17:27 | Build | Castle |
| 17:39 | Create | Villager (Male) |
| 18:05 | Create | Villager (Male) |
| 18:05 | Create | Villager (Male) |
| 18:05 | Create | Villager (Male) |
| 18:07 | Research | Bow Saw |
| 18:07 | Research | Bow Saw |
| 18:19 | Create | Conquistador |
| 18:20 | Create | Conquistador |
| 18:20 | Create | Conquistador |
| 18:20 | Create | Conquistador |
| 19:07 | Create | Villager (Male) |
| 19:08 | Create | Conquistador |
| 19:09 | Create | Conquistador |
| 19:47 | Build | Siege Workshop |
| 19:50 | Create | Conquistador |
| 19:50 | Create | Conquistador |
| 20:06 | Create | Villager (Male) |
| 20:06 | Create | Villager (Male) |
| 20:31 | Create | Villager (Male) |
| 20:50 | Create | Villager (Male) |
| 21:18 | Create | Villager (Male) |
| 21:21 | Create | Battering Ram |
| 21:21 | Create | Battering Ram |
| 21:35 | Create | Villager (Male) |
| 21:49 | Create | Conquistador |
| 21:49 | Create | Conquistador |
| 22:21 | Create | Mangonel |
| 22:26 | Create | Villager (Male) |
| 22:26 | Create | Villager (Male) |
| 22:31 | Build | Farm |
| 22:33 | Build | Farm |
| 22:34 | Build | Farm |
| 22:36 | Build | Farm |
| 22:58 | Create | Mangonel |
| 23:16 | Build | Farm |
| 23:20 | Build | Farm |
| 23:36 | Create | Conquistador |
| 23:38 | Create | Villager (Male) |
| 23:38 | Create | Villager (Male) |
| 24:11 | Create | Mangonel |
| 24:13 | Create | Conquistador |
| 24:33 | Create | Battering Ram |
| 25:05 | Create | Conquistador |
| 25:06 | Create | Villager (Male) |
| 25:06 | Create | Villager (Male) |
| 25:06 | Create | Villager (Male) |
| 25:12 | Build | House |
| 25:32 | Create | Villager (Male) |
| 25:32 | Create | Villager (Male) |
| 25:32 | Create | Villager (Male) |
| 25:40 | Build | Farm |
| 25:41 | Build | Farm |
| 25:52 | Build | House |
| 25:53 | Build | House |
| 25:53 | Build | House |
| 26:40 | Create | Conquistador |
| 26:57 | Create | Conquistador |
| 26:57 | Create | Villager (Male) |
| 26:58 | Create | Villager (Male) |
| 26:58 | Create | Villager (Male) |
| 26:58 | Create | Villager (Male) |
| 27:16 | Create | Conquistador |
| 27:17 | Create | Conquistador |
| 27:23 | Build | Monastery |
| 27:45 | Research | Padded Archer Armor |
| 27:46 | Create | Villager (Male) |
| 27:46 | Create | Villager (Male) |
| 27:46 | Create | Villager (Male) |
| 27:48 | Create | Conquistador |
| 27:49 | Create | Conquistador |
| 28:02 | Build | Town Center |
| 28:10 | Build | House |
| 28:11 | Build | House |
| 28:11 | Build | House |
| 28:12 | Build | House |
| 28:33 | Create | Villager (Male) |
| 28:33 | Create | Villager (Male) |
| 28:34 | Create | Villager (Male) |
| 29:04 | Create | Villager (Male) |
| 29:05 | Create | Villager (Male) |
| 29:05 | Create | Villager (Male) |
Build order — Capt. Eadk'an
First 150 of 607 actions detected
| 0:24 | Build | Town Center |
| 1:06 | Build | Dock |
| 1:09 | Build | House |
| 1:13 | Build | Palisade Wall |
| 2:34 | Create | Villager (Male) |
| 2:34 | Create | Villager (Male) |
| 2:34 | Create | Villager (Male) |
| 2:35 | Create | Villager (Male) |
| 2:35 | Create | Villager (Male) |
| 2:35 | Create | Villager (Male) |
| 3:30 | Create | Fishing Ship |
| 3:30 | Create | Fishing Ship |
| 4:01 | Create | Villager (Male) |
| 4:24 | Create | Villager (Male) |
| 4:24 | Create | Villager (Male) |
| 4:55 | Create | Villager (Male) |
| 4:56 | Create | Villager (Male) |
| 5:04 | Create | Fishing Ship |
| 5:04 | Create | Fishing Ship |
| 5:12 | Create | Villager (Male) |
| 5:44 | Create | Fishing Ship |
| 5:44 | Create | Fishing Ship |
| 5:50 | Create | Villager (Male) |
| 5:51 | Create | Villager (Male) |
| 6:02 | Build | House |
| 6:03 | Research | Loom |
| 6:20 | Create | Villager (Male) |
| 6:36 | Create | Fishing Ship |
| 6:36 | Create | Fishing Ship |
| 6:39 | Create | Villager (Male) |
| 6:39 | Create | Villager (Male) |
| 7:06 | Create | Fishing Ship |
| 7:06 | Create | Fishing Ship |
| 7:11 | Create | Villager (Male) |
| 7:11 | Create | Villager (Male) |
| 7:22 | Create | Villager (Male) |
| 7:22 | Create | Villager (Male) |
| 7:33 | Create | Fishing Ship |
| 7:45 | Build | House |
| 8:01 | Create | Villager (Male) |
| 8:08 | Build | House |
| 8:12 | Create | Villager (Male) |
| 8:35 | Create | Fishing Ship |
| 8:35 | Create | Fishing Ship |
| 8:51 | Create | Villager (Male) |
| 8:52 | Create | Villager (Male) |
| 8:52 | Create | Villager (Male) |
| 9:04 | Create | Villager (Male) |
| 9:04 | Create | Villager (Male) |
| 9:09 | Create | Fishing Ship |
| 9:29 | Build | House |
| 10:34 | Build | Lumber Camp |
| 10:39 | Create | Villager (Male) |
| 10:44 | Build | House |
| 11:08 | Create | Villager (Male) |
| 11:22 | Build | Mining Camp |
| 11:23 | Research | Feudal Age |
| 11:27 | Build | Dock |
| 11:48 | Build | Mill |
| 12:57 | Create | Villager (Male) |
| 12:57 | Create | Villager (Male) |
| 13:59 | Age | Feudal Age |
| 14:00 | Build | Market |
| 14:02 | Build | Blacksmith |
| 14:10 | Research | Double-Bit Axe |
| 14:12 | Research | Horse Collar |
| 14:41 | Build | Dock |
| 14:47 | Research | Castle Age |
| 14:48 | Research | Castle Age |
| 14:56 | Research | Forging |
| 14:56 | Research | Forging |
| 15:19 | Create | Unit 2626 |
| 15:19 | Create | Unit 2626 |
| 15:19 | Create | Unit 2626 |
| 15:32 | Research | Town Watch |
| 16:17 | Create | Unit 2626 |
| 16:18 | Create | Unit 2626 |
| 16:18 | Create | Unit 2626 |
| 16:38 | Create | Unit 2626 |
| 16:50 | Research | Tech 906 |
| 17:07 | Create | Villager (Male) |
| 17:29 | Age | Castle Age |
| 17:30 | Research | War Galley (upgrade) |
| 17:30 | Research | War Galley (upgrade) |
| 17:31 | Create | Unit 2626 |
| 17:31 | Create | Unit 2626 |
| 17:32 | Create | Unit 2626 |
| 17:42 | Create | Unit 2626 |
| 17:42 | Create | Unit 2626 |
| 18:08 | Create | Villager (Male) |
| 18:15 | Research | Bow Saw |
| 18:15 | Research | Bow Saw |
| 18:18 | Create | Unit 2626 |
| 18:18 | Create | Unit 2626 |
| 18:18 | Create | Unit 2626 |
| 18:19 | Create | Villager (Male) |
| 18:21 | Build | House |
| 18:22 | Build | House |
| 18:48 | Create | Unit 2626 |
| 18:48 | Create | Unit 2626 |
| 18:48 | Create | Unit 2626 |
| 18:49 | Create | Villager (Male) |
| 18:50 | Create | Villager (Male) |
| 18:50 | Create | Villager (Male) |
| 18:50 | Create | Villager (Male) |
| 18:50 | Create | Villager (Male) |
| 19:05 | Create | Unit 2626 |
| 19:05 | Create | Unit 2626 |
| 19:06 | Create | Unit 2626 |
| 19:29 | Create | Unit 2626 |
| 19:29 | Create | Unit 2626 |
| 19:29 | Create | Unit 2626 |
| 19:37 | Research | Wheelbarrow |
| 20:11 | Build | University |
| 20:20 | Build | House |
| 20:21 | Build | House |
| 20:36 | Create | Villager (Male) |
| 20:57 | Create | Villager (Male) |
| 20:57 | Create | Villager (Male) |
| 21:01 | Build | Town Center |
| 21:04 | Research | Tech 908 |
| 21:36 | Create | Villager (Male) |
| 21:47 | Build | Town Center |
| 22:03 | Create | Villager (Male) |
| 22:04 | Create | Villager (Male) |
| 22:35 | Create | Villager (Male) |
| 22:51 | Create | Villager (Male) |
| 22:53 | Build | Farm |
| 22:54 | Build | Farm |
| 22:54 | Build | Farm |
| 22:56 | Build | Farm |
| 22:57 | Create | Villager (Male) |
| 22:57 | Create | Villager (Male) |
| 22:57 | Create | Villager (Male) |
| 22:58 | Build | Farm |
| 22:59 | Build | Farm |
| 23:00 | Build | Farm |
| 23:03 | Build | Farm |
| 23:03 | Build | Farm |
| 23:09 | Research | Heavy Plow |
| 23:09 | Research | Heavy Plow |
| 23:21 | Build | Farm |
| 23:29 | Create | Villager (Male) |
| 23:30 | Create | Villager (Male) |
| 23:31 | Create | Villager (Male) |
| 23:40 | Build | House |
| 23:41 | Build | House |
| 23:41 | Build | House |
| 23:42 | Build | House |
| 23:42 | Create | Villager (Male) |
Build order — 吾问无为谓
First 150 of 348 actions detected
| 1:09 | Build | Town Center |
| 2:05 | Build | Dock |
| 2:08 | Build | House |
| 3:30 | Create | Villager (Male) |
| 3:30 | Create | Villager (Male) |
| 3:31 | Create | Villager (Male) |
| 3:31 | Create | Villager (Male) |
| 3:31 | Create | Villager (Male) |
| 3:33 | Create | Fishing Ship |
| 3:33 | Create | Fishing Ship |
| 4:55 | Create | Villager (Male) |
| 4:55 | Create | Villager (Male) |
| 5:15 | Create | Fishing Ship |
| 5:16 | Create | Fishing Ship |
| 5:56 | Create | Villager (Male) |
| 5:57 | Create | Villager (Male) |
| 6:25 | Create | Villager (Male) |
| 6:25 | Create | Villager (Male) |
| 6:27 | Create | Fishing Ship |
| 6:27 | Create | Fishing Ship |
| 6:29 | Build | House |
| 6:45 | Create | Villager (Male) |
| 6:45 | Create | Villager (Male) |
| 7:00 | Create | Villager (Male) |
| 7:00 | Create | Villager (Male) |
| 7:25 | Create | Villager (Male) |
| 7:25 | Create | Villager (Male) |
| 7:27 | Create | Fishing Ship |
| 7:27 | Create | Fishing Ship |
| 7:44 | Build | House |
| 7:45 | Create | Villager (Male) |
| 7:45 | Create | Villager (Male) |
| 8:23 | Build | House |
| 8:24 | Create | Villager (Male) |
| 8:24 | Create | Villager (Male) |
| 8:28 | Create | Fishing Ship |
| 8:29 | Create | Fishing Ship |
| 8:47 | Create | Villager (Male) |
| 8:47 | Create | Villager (Male) |
| 8:48 | Create | Villager (Male) |
| 8:48 | Create | Villager (Male) |
| 9:05 | Create | Villager (Male) |
| 9:06 | Create | Villager (Male) |
| 9:17 | Create | Fishing Ship |
| 9:27 | Create | Villager (Male) |
| 9:28 | Create | Villager (Male) |
| 9:34 | Build | House |
| 9:45 | Create | Villager (Male) |
| 9:55 | Create | Fishing Ship |
| 10:05 | Create | Villager (Male) |
| 10:05 | Create | Villager (Male) |
| 10:09 | Build | House |
| 10:17 | Build | Palisade Wall |
| 10:41 | Create | Villager (Male) |
| 10:49 | Create | Fishing Ship |
| 11:02 | Research | Loom |
| 11:02 | Research | Loom |
| 11:14 | Build | Mining Camp |
| 11:20 | Create | Villager (Male) |
| 11:59 | Research | Feudal Age |
| 11:59 | Research | Feudal Age |
| 12:15 | Build | House |
| 12:21 | Build | Palisade Wall |
| 12:49 | Create | Villager (Male) |
| 12:49 | Create | Villager (Male) |
| 13:18 | Create | Villager (Male) |
| 13:22 | Build | Barracks |
| 13:54 | Create | Villager (Male) |
| 14:03 | Age | Feudal Age |
| 14:05 | Create | Villager (Male) |
| 14:05 | Create | Villager (Male) |
| 14:16 | Build | Stable |
| 14:28 | Research | Town Watch |
| 14:42 | Create | Villager (Male) |
| 15:07 | Build | Blacksmith |
| 15:09 | Create | Scout Cavalry |
| 15:26 | Create | Scout Cavalry |
| 15:56 | Research | Castle Age |
| 16:09 | Build | Lumber Camp |
| 16:25 | Research | Bloodlines |
| 16:25 | Research | Bloodlines |
| 16:28 | Research | Forging |
| 16:45 | Research | Double-Bit Axe |
| 16:45 | Research | Double-Bit Axe |
| 16:49 | Build | House |
| 16:58 | Build | Dock |
| 17:17 | Create | Scout Cavalry |
| 17:17 | Create | Scout Cavalry |
| 17:57 | Create | Scout Cavalry |
| 18:21 | Age | Castle Age |
| 18:24 | Create | Spearman |
| 18:25 | Create | Spearman |
| 18:31 | Build | Monastery |
| 19:09 | Create | Monk |
| 19:13 | Create | Knight |
| 19:13 | Create | Knight |
| 19:27 | Build | Archery Range |
| 19:33 | Build | Siege Workshop |
| 19:45 | Create | Spearman |
| 19:45 | Create | Spearman |
| 19:51 | Create | Spearman |
| 20:01 | Create | Knight |
| 20:29 | Create | Villager (Male) |
| 20:32 | Create | Villager (Male) |
| 20:49 | Create | Knight |
| 20:49 | Create | Knight |
| 21:05 | Build | House |
| 21:09 | Create | Villager (Male) |
| 21:21 | Create | Scout Cavalry |
| 21:21 | Create | Scout Cavalry |
| 21:28 | Research | Gold Mining |
| 21:45 | Create | Monk |
| 21:48 | Create | Spearman |
| 21:48 | Create | Spearman |
| 21:48 | Create | Spearman |
| 22:40 | Build | Town Center |
| 22:42 | Create | Villager (Male) |
| 22:47 | Create | Scorpion |
| 22:47 | Create | Scorpion |
| 22:58 | Create | Mangonel |
| 23:06 | Build | Stable |
| 23:07 | Create | Villager (Male) |
| 23:07 | Create | Villager (Male) |
| 23:09 | Build | Archery Range |
| 23:16 | Build | Mill |
| 23:30 | Create | Villager (Male) |
| 23:45 | Build | Farm |
| 23:45 | Build | Farm |
| 23:46 | Build | Farm |
| 24:06 | Build | Farm |
| 24:08 | Build | Farm |
| 24:09 | Build | Farm |
| 24:10 | Build | Farm |
| 24:26 | Create | Villager (Male) |
| 24:27 | Create | Villager (Male) |
| 24:34 | Build | Siege Workshop |
| 25:05 | Create | Villager (Male) |
| 25:07 | Build | Farm |
| 25:10 | Build | Farm |
| 25:13 | Build | Farm |
| 25:24 | Create | Villager (Male) |
| 25:45 | Create | Villager (Male) |
| 25:46 | Create | Villager (Male) |
| 26:03 | Create | Villager (Male) |
| 26:41 | Create | Mangonel |
| 26:43 | Create | Villager (Male) |
| 26:44 | Create | Villager (Male) |
| 26:47 | Create | Knight |
| 26:47 | Create | Knight |
| 26:52 | Create | Mangonel |
Build order — Storm chaser
First 150 of 167 actions detected
| 0:31 | Build | Town Center |
| 0:47 | Build | Dock |
| 0:49 | Build | House |
| 2:48 | Create | Villager (Male) |
| 2:48 | Create | Villager (Male) |
| 2:48 | Create | Villager (Male) |
| 2:49 | Create | Villager (Male) |
| 3:15 | Create | Villager (Male) |
| 3:19 | Create | Fishing Ship |
| 3:53 | Create | Villager (Male) |
| 3:53 | Create | Villager (Male) |
| 4:43 | Create | Villager (Male) |
| 4:44 | Create | Villager (Male) |
| 4:44 | Create | Villager (Male) |
| 5:03 | Create | Villager (Male) |
| 5:03 | Create | Villager (Male) |
| 5:05 | Create | Fishing Ship |
| 5:05 | Create | Fishing Ship |
| 5:21 | Build | House |
| 5:28 | Create | Villager (Male) |
| 5:28 | Create | Villager (Male) |
| 6:10 | Build | House |
| 6:18 | Create | Villager (Male) |
| 6:18 | Create | Villager (Male) |
| 6:19 | Create | Fishing Ship |
| 6:20 | Create | Fishing Ship |
| 6:22 | Create | Villager (Male) |
| 6:23 | Create | Villager (Male) |
| 6:28 | Create | Villager (Male) |
| 7:07 | Create | Villager (Male) |
| 7:07 | Create | Fishing Ship |
| 7:15 | Build | House |
| 7:36 | Create | Fishing Ship |
| 7:37 | Create | Villager (Male) |
| 8:19 | Create | Villager (Male) |
| 8:22 | Create | Fishing Ship |
| 8:25 | Build | House |
| 8:40 | Create | Villager (Male) |
| 8:49 | Build | House |
| 8:55 | Build | House |
| 9:05 | Create | Fishing Ship |
| 9:12 | Build | House |
| 9:29 | Create | Villager (Male) |
| 9:48 | Create | Villager (Male) |
| 9:52 | Create | Fishing Ship |
| 10:00 | Build | Dock |
| 10:10 | Create | Villager (Male) |
| 10:19 | Build | House |
| 10:23 | Create | Fishing Ship |
| 10:39 | Create | Villager (Male) |
| 10:45 | Build | Mining Camp |
| 11:00 | Create | Villager (Male) |
| 11:02 | Create | Fishing Ship |
| 11:34 | Research | Loom |
| 11:39 | Research | Feudal Age |
| 11:39 | Research | Feudal Age |
| 11:39 | Research | Feudal Age |
| 11:43 | Build | Mill |
| 12:14 | Build | Palisade Wall |
| 12:16 | Build | Palisade Wall |
| 12:29 | Build | Barracks |
| 12:36 | Create | Villager (Male) |
| 12:45 | Create | Fishing Ship |
| 13:42 | Create | Villager (Male) |
| 14:01 | Age | Feudal Age |
| 14:06 | Build | Stable |
| 14:08 | Build | Blacksmith |
| 14:19 | Research | Tech 906 |
| 14:19 | Research | Tech 906 |
| 14:30 | Create | Demolition Raft |
| 14:31 | Create | Demolition Raft |
| 14:35 | Create | Fishing Ship |
| 14:35 | Create | Fishing Ship |
| 14:43 | Create | Scout Cavalry |
| 14:45 | Research | Castle Age |
| 14:45 | Research | Castle Age |
| 14:46 | Research | Castle Age |
| 14:57 | Build | Archery Range |
| 15:00 | Create | Scout Cavalry |
| 15:20 | Build | Lumber Camp |
| 16:05 | Create | Archer |
| 16:10 | Research | Forging |
| 16:10 | Research | Forging |
| 16:12 | Build | House |
| 16:38 | Build | House |
| 16:53 | Create | Scout Cavalry |
| 17:11 | Build | Archery Range |
| 17:12 | Age | Castle Age |
| 17:18 | Create | Cavalry Archer |
| 17:18 | Create | Cavalry Archer |
| 17:23 | Create | Knight |
| 17:46 | Research | Fletching |
| 17:46 | Research | Fletching |
| 18:23 | Create | Villager (Male) |
| 18:27 | Build | Town Center |
| 18:35 | Create | Cavalry Archer |
| 18:35 | Create | Cavalry Archer |
| 18:40 | Create | Skirmisher |
| 18:40 | Create | Skirmisher |
| 18:47 | Create | Villager (Male) |
| 18:48 | Create | Villager (Male) |
| 19:12 | Research | Elite Skirmisher (upgrade) |
| 19:12 | Research | Elite Skirmisher (upgrade) |
| 19:14 | Research | Padded Archer Armor |
| 19:14 | Research | Padded Archer Armor |
| 19:14 | Research | Padded Archer Armor |
| 19:18 | Create | Skirmisher |
| 19:18 | Create | Skirmisher |
| 19:20 | Create | Villager (Male) |
| 19:34 | Create | Skirmisher |
| 19:47 | Build | University |
| 20:07 | Create | Skirmisher |
| 20:09 | Create | Villager (Male) |
| 20:09 | Create | Villager (Male) |
| 20:09 | Create | Villager (Male) |
| 20:09 | Create | Villager (Male) |
| 20:14 | Research | Town Watch |
| 20:32 | Research | Bodkin Arrow |
| 20:32 | Research | Bodkin Arrow |
| 20:35 | Create | Skirmisher |
| 20:35 | Create | Skirmisher |
| 20:51 | Create | Villager (Male) |
| 20:53 | Create | Knight |
| 20:56 | Build | House |
| 20:59 | Research | Ballistics |
| 20:59 | Research | Ballistics |
| 21:12 | Create | Skirmisher |
| 21:13 | Create | Skirmisher |
| 21:15 | Research | Leather Archer Armor |
| 21:15 | Research | Leather Archer Armor |
| 21:16 | Create | Villager (Male) |
| 21:25 | Build | House |
| 21:57 | Build | House |
| 22:02 | Create | Villager (Male) |
| 22:02 | Create | Villager (Male) |
| 22:02 | Create | Villager (Male) |
| 22:03 | Create | Villager (Male) |
| 22:03 | Create | Villager (Male) |
| 22:11 | Build | Dock |
| 22:20 | Build | Lumber Camp |
| 22:26 | Create | Knight |
| 22:48 | Create | Villager (Male) |
| 22:48 | Create | Villager (Male) |
| 23:07 | Build | Siege Workshop |
| 23:14 | Create | Villager (Male) |
| 23:52 | Create | Mangonel |
| 24:05 | Create | Villager (Male) |
| 24:06 | Create | Villager (Male) |
| 24:06 | Create | Villager (Male) |
| 24:06 | Create | Villager (Male) |
Build order — 小白
First 150 of 544 actions detected
| 0:37 | Build | Town Center |
| 1:12 | Build | Dock |
| 1:49 | Build | House |
| 2:55 | Create | Villager (Male) |
| 2:55 | Create | Villager (Male) |
| 2:55 | Create | Villager (Male) |
| 2:56 | Create | Villager (Male) |
| 2:57 | Create | Villager (Male) |
| 4:17 | Create | Villager (Male) |
| 4:53 | Create | Villager (Male) |
| 4:54 | Create | Fishing Ship |
| 5:14 | Research | Loom |
| 5:32 | Create | Villager (Male) |
| 5:32 | Create | Villager (Male) |
| 5:33 | Create | Villager (Male) |
| 5:44 | Create | Fishing Ship |
| 6:07 | Build | House |
| 6:11 | Create | Villager (Male) |
| 6:12 | Create | Villager (Male) |
| 6:31 | Create | Villager (Male) |
| 6:31 | Create | Villager (Male) |
| 6:32 | Create | Villager (Male) |
| 6:52 | Create | Villager (Male) |
| 6:52 | Create | Villager (Male) |
| 6:56 | Create | Fishing Ship |
| 7:22 | Create | Villager (Male) |
| 7:23 | Create | Villager (Male) |
| 7:44 | Create | Villager (Male) |
| 7:44 | Create | Villager (Male) |
| 8:02 | Build | House |
| 8:03 | Create | Fishing Ship |
| 8:09 | Create | Villager (Male) |
| 8:34 | Create | Villager (Male) |
| 8:38 | Create | Fishing Ship |
| 9:11 | Build | Mill |
| 9:25 | Create | Villager (Male) |
| 9:47 | Create | Villager (Male) |
| 9:53 | Create | Fishing Ship |
| 10:03 | Build | House |
| 10:31 | Create | Villager (Male) |
| 10:40 | Create | Villager (Male) |
| 10:50 | Create | Fishing Ship |
| 10:56 | Build | Mining Camp |
| 11:25 | Research | Feudal Age |
| 11:29 | Build | House |
| 11:46 | Create | Villager (Male) |
| 11:47 | Create | Villager (Male) |
| 12:17 | Build | Barracks |
| 13:15 | Build | Dock |
| 13:46 | Age | Feudal Age |
| 13:48 | Build | Archery Range |
| 13:52 | Build | Blacksmith |
| 14:34 | Research | Castle Age |
| 14:39 | Create | Skirmisher |
| 14:39 | Create | Skirmisher |
| 14:46 | Build | House |
| 15:08 | Create | Skirmisher |
| 15:28 | Create | Skirmisher |
| 15:30 | Build | House |
| 15:54 | Build | Lumber Camp |
| 16:09 | Create | Skirmisher |
| 16:27 | Research | Double-Bit Axe |
| 16:27 | Research | Double-Bit Axe |
| 16:30 | Create | Villager (Male) |
| 16:50 | Create | Skirmisher |
| 17:01 | Research | Fletching |
| 17:01 | Research | Fletching |
| 17:16 | Age | Castle Age |
| 17:18 | Build | Siege Workshop |
| 17:22 | Create | Skirmisher |
| 17:25 | Create | Villager (Male) |
| 17:27 | Research | Bow Saw |
| 17:27 | Research | Bow Saw |
| 17:28 | Research | Bow Saw |
| 17:32 | Research | Bodkin Arrow |
| 17:32 | Research | Bodkin Arrow |
| 17:44 | Build | House |
| 17:45 | Create | Armored Elephant |
| 17:50 | Create | Villager (Male) |
| 18:21 | Create | Armored Elephant |
| 18:25 | Create | Villager (Male) |
| 18:34 | Research | Elite Skirmisher (upgrade) |
| 18:34 | Research | Elite Skirmisher (upgrade) |
| 18:54 | Create | Villager (Male) |
| 19:10 | Create | Villager (Male) |
| 19:18 | Create | Skirmisher |
| 19:18 | Create | Skirmisher |
| 19:18 | Create | Skirmisher |
| 19:19 | Create | Skirmisher |
| 19:19 | Create | Skirmisher |
| 19:19 | Create | Skirmisher |
| 19:20 | Create | Skirmisher |
| 19:28 | Create | Villager (Male) |
| 19:49 | Build | University |
| 20:04 | Create | Villager (Male) |
| 20:15 | Research | Wheelbarrow |
| 20:51 | Create | Villager (Male) |
| 20:59 | Research | Ballistics |
| 21:06 | Build | Town Center |
| 21:26 | Create | Villager (Male) |
| 21:35 | Create | Fishing Ship |
| 21:35 | Create | Fishing Ship |
| 21:51 | Create | Villager (Male) |
| 21:55 | Build | House |
| 21:56 | Build | House |
| 22:31 | Build | Town Center |
| 22:33 | Create | Villager (Male) |
| 22:33 | Create | Villager (Male) |
| 22:35 | Build | Farm |
| 22:36 | Build | Farm |
| 22:43 | Create | Villager (Male) |
| 22:43 | Create | Villager (Male) |
| 23:14 | Build | House |
| 23:16 | Create | Villager (Male) |
| 23:18 | Create | Villager (Male) |
| 23:29 | Build | Farm |
| 23:42 | Build | Farm |
| 23:48 | Create | Villager (Male) |
| 23:49 | Create | Villager (Male) |
| 24:08 | Build | House |
| 24:09 | Build | House |
| 24:10 | Create | Villager (Male) |
| 24:11 | Create | Villager (Male) |
| 24:14 | Research | Horse Collar |
| 24:14 | Research | Horse Collar |
| 24:22 | Build | Farm |
| 24:26 | Create | Villager (Male) |
| 24:41 | Build | Monastery |
| 24:48 | Create | Villager (Male) |
| 24:48 | Create | Villager (Male) |
| 24:49 | Create | Villager (Male) |
| 24:54 | Build | Farm |
| 24:56 | Build | Farm |
| 25:02 | Build | Farm |
| 25:03 | Create | Villager (Male) |
| 25:05 | Create | Villager (Male) |
| 25:06 | Create | Villager (Male) |
| 25:09 | Build | House |
| 25:10 | Build | House |
| 25:11 | Build | House |
| 25:21 | Create | Villager (Male) |
| 25:26 | Build | Farm |
| 25:32 | Create | Monk |
| 25:35 | Build | Farm |
| 25:36 | Build | Farm |
| 25:37 | Create | Villager (Male) |
| 25:38 | Create | Villager (Male) |
| 25:43 | Research | Heavy Plow |
| 25:57 | Create | Villager (Male) |
| 25:58 | Create | Villager (Male) |
Match timeline
| 0:23 | mmmbokchoi · first_building Dock |
| 0:31 | llllllllllllllll · first_building Dock |
| 0:47 | Storm chaser · first_building Dock |
| 1:05 | DKDFCD · first_building Dock |
| 1:06 | Capt. Eadk'an · first_building Dock |
| 1:12 | 小白 · first_building Dock |
| 1:13 | Capt. Eadk'an · wall_segment Palisade Wall x1 |
| 1:17 | Álvaro de Bazán · first_building Dock |
| 2:05 | 吾问无为谓 · first_building Dock |
| 3:10 | DKDFCD · wall_segment Palisade Wall x1 |
| 5:19 | mmmbokchoi · wall_segment Palisade Wall x6 |
| 9:14 | llllllllllllllll · wall_segment Palisade Wall x11 |
| 10:11 | mmmbokchoi · wall_segment Palisade Wall x3 |
| 10:17 | 吾问无为谓 · wall_segment Palisade Wall x5 |
| 11:21 | mmmbokchoi · wall_segment Palisade Wall x1 |
| 12:00 | DKDFCD · age_up feudal |
| 12:14 | Storm chaser · wall_segment Palisade Wall x1 |
| 12:16 | Storm chaser · wall_segment Palisade Wall x1 |
| 12:17 | 小白 · first_building Barracks |
| 12:21 | 吾问无为谓 · wall_segment Palisade Wall x2 |
| 12:29 | Storm chaser · first_building Barracks |
| 12:35 | Álvaro de Bazán · age_up feudal |
| 12:51 | llllllllllllllll · wall_segment Palisade Wall x1 |
| 12:52 | llllllllllllllll · wall_segment Palisade Wall x1 |
| 13:11 | llllllllllllllll · age_up feudal |
| 13:22 | 吾问无为谓 · first_building Barracks |
| 13:43 | mmmbokchoi · age_up feudal |
| 13:46 | 小白 · age_up feudal |
| 13:48 | 小白 · first_building Archery Range |
| 13:59 | Capt. Eadk'an · age_up feudal |
| 14:01 | Storm chaser · age_up feudal |
| 14:03 | 吾问无为谓 · age_up feudal |
| 14:06 | Storm chaser · first_building Stable |
| 14:16 | 吾问无为谓 · first_building Stable |
| 14:35 | mmmbokchoi · wall_segment Palisade Wall x1 |
| 14:36 | mmmbokchoi · wall_segment Palisade Wall x1 |
| 14:57 | Storm chaser · first_building Archery Range |
| 15:48 | llllllllllllllll · first_building Barracks |
| 16:09 | DKDFCD · age_up castle |
| 16:17 | mmmbokchoi · wall_segment Palisade Wall x1 |
| 16:26 | mmmbokchoi · wall_segment Palisade Wall x1 |
| 16:48 | llllllllllllllll · age_up castle |
| 16:49 | llllllllllllllll · first_building Siege Workshop |
| 16:51 | llllllllllllllll · first_building Monastery |
| 17:01 | Álvaro de Bazán · age_up castle |
| 17:12 | Storm chaser · age_up castle |
| 17:16 | DKDFCD · first_building Castle |
| 17:16 | 小白 · age_up castle |
| 17:18 | 小白 · first_building Siege Workshop |
| 17:21 | mmmbokchoi · age_up castle |
| 17:26 | mmmbokchoi · first_building Castle |
| 17:29 | Capt. Eadk'an · age_up castle |
| 17:50 | llllllllllllllll · wall_segment Palisade Wall x13 |
| 17:59 | llllllllllllllll · wall_segment Palisade Wall x1 |
| 18:07 | mmmbokchoi · wall_segment Palisade Wall x1 |
| 18:09 | mmmbokchoi · wall_segment Palisade Wall x1 |
| 18:10 | llllllllllllllll · wall_segment Palisade Wall x1 |
| 18:11 | mmmbokchoi · wall_segment Palisade Wall x1 |
| 18:21 | 吾问无为谓 · age_up castle |
| 18:31 | 吾问无为谓 · first_building Monastery |
| 18:50 | Álvaro de Bazán · first_market_sell 100 food |
| 18:54 | Álvaro de Bazán · first_market_buy 100 wood |
| 19:27 | 吾问无为谓 · first_building Archery Range |
| 19:33 | 吾问无为谓 · first_building Siege Workshop |
| 19:47 | DKDFCD · first_building Siege Workshop |
| 19:47 | mmmbokchoi · first_market_sell 100 wood |
| 19:49 | mmmbokchoi · first_market_buy 100 stone |
| 20:30 | DKDFCD · first_market_buy 100 food |
| 23:07 | Storm chaser · first_building Siege Workshop |
| 23:08 | Capt. Eadk'an · first_market_buy 100 wood |
| 23:24 | llllllllllllllll · first_market_sell 100 wood |
| 24:41 | 小白 · first_building Monastery |
| 24:50 | mmmbokchoi · first_building Barracks |
| 25:07 | Capt. Eadk'an · first_building Monastery |
| 26:41 | Capt. Eadk'an · first_building Barracks |
| 26:56 | mmmbokchoi · first_building Siege Workshop |
| 27:15 | Álvaro de Bazán · first_building Monastery |
| 27:23 | DKDFCD · first_building Monastery |
| 27:28 | llllllllllllllll · first_building Archery Range |
| 27:44 | Capt. Eadk'an · first_building Stable |
| 27:48 | mmmbokchoi · first_building Monastery |
| 27:53 | Storm chaser · first_market_buy 100 stone |
| 27:54 | Álvaro de Bazán · first_building Barracks |
| 28:29 | Storm chaser · first_building Castle |
| 29:47 | Capt. Eadk'an · age_up imperial |
| 30:30 | Capt. Eadk'an · first_building Castle |
| 30:40 | Álvaro de Bazán · first_building Siege Workshop |
| 30:50 | mmmbokchoi · first_building Stable |
| 30:51 | llllllllllllllll · first_market_buy 100 stone |
| 31:22 | llllllllllllllll · first_building Castle |
| 32:46 | 小白 · first_building Castle |
| 33:21 | 小白 · age_up imperial |
| 34:19 | Storm chaser · resign |
| 35:32 | mmmbokchoi · first_building Archery Range |
| 35:53 | 小白 · first_building Stable |
| 35:58 | 小白 · first_market_sell 500 wood |
| 37:27 | 吾问无为谓 · first_building Castle |
| 37:44 | Capt. Eadk'an · first_market_sell 100 food |
| 38:31 | mmmbokchoi · age_up imperial |
| 39:19 | llllllllllllllll · age_up imperial |
| 39:22 | DKDFCD · age_up imperial |
| 39:50 | Álvaro de Bazán · first_building Castle |
| 39:59 | DKDFCD · first_building Barracks |
| 40:32 | DKDFCD · first_building Stable |
| 43:31 | DKDFCD · first_market_sell 500 stone |
| 46:24 | 小白 · tribute_sent a jugador 1 |
| 46:24 | 小白 · tribute_sent a jugador 2 |
| 46:24 | 小白 · tribute_sent a jugador 3 |
| 46:24 | 小白 · tribute_sent a jugador 4 |
| 46:24 | 小白 · tribute_sent a jugador 5 |
| 46:24 | 小白 · tribute_sent a jugador 6 |
| 46:24 | 小白 · tribute_sent a jugador 8 |
| 46:24 | llllllllllllllll · wall_segment Stone Wall x1 |
| 46:59 | 吾问无为谓 · age_up imperial |
| 47:52 | 小白 · tribute_sent a jugador 1 |
| 47:52 | 小白 · tribute_sent a jugador 2 |
| 47:52 | 小白 · tribute_sent a jugador 3 |
| 47:52 | 小白 · tribute_sent a jugador 4 |
| 47:52 | 小白 · tribute_sent a jugador 5 |
| 47:52 | 小白 · tribute_sent a jugador 6 |
| 47:52 | 小白 · tribute_sent a jugador 8 |
[ AI ANALYSIS · 1 CREDIT ]
What really happened in this match?
Wolo.gg analyzes every decision: build order, eco, micro, common mistakes by bracket. Personalized analysis on WhatsApp or Discord in 30 seconds.
Civ guide
Dravidians
Perfil
Jugador #989664